 Dungeon Crawl Stone Soup version 0.31.0-4-g52a2dc7128 (webtiles) character file.

Game seed: 16133003848487513929

1827526 bakla the Brooding (level 25, 238/238 HPs)
             Began as a Minotaur Hunter on Jan 21, 2024.
             Was a Priest of Hepliaklqana.
             Escaped with the Orb
             ... and 3 runes!
             The game lasted 01:55:22 (56282 turns).

bakla the Brooding (Minotaur Hunter)               Turns: 56282, Time: 01:55:23

Health: 238/238    AC: 27    Str: 16    XL:     25   Next: 55%
Magic:  14/37      EV: 35    Int:  6    God:    Hepliaklqana [***...]
Gold:   5054       SH:  0    Dex: 29    Spells: 31/38 levels left

rFire   + . .        A - +9 longbow (heavy)
rCold   + + .        (shield currently unavailable)
rNeg    + . .        V - +3 troll leather armour
rPois   +            r - +3 crown of Dyrovepreva {rElec Int+2 SInv}
rElec   +            G - +2 cloak {Stlth+}
rCorr   +            b - +5 pair of gloves of Zemnitro {rPois rCorr Int-2}
SInv    +            o - +2 pair of boots
Will    ++...        I - amulet "Rezxass" {Spirit Dex+4}
Stlth   +            M - ring "Wolounun" {Wiz ^Contam rC++ rN+ Slay+4}
HPRegen 1.39/turn    P - ring "Lussesch" {+Blink rF+ Will+ Str-3 Dex+2}
MPRegen 0.25/turn

%: guardian spirit, wizardry (x1)
@: studying 2 skills
A: reduced essence, horns 2, retaliatory headbutt, hooves 1, robust 1,
MP-powered wands
0: Orb of Zot
}: 3/15 runes: decaying, serpentine, slimy
a: Renounce Religion, Evoke Blink, Recall Ancestor, Ancestor Identity,
Transference


You escaped.
You worshipped Hepliaklqana.
Hepliaklqana was most pleased with you.
You visited 12 branches of the dungeon, and saw 55 of its levels.
You also visited: Sewer, Bailey, Ice Cave and Wizlab.

You collected 8828 gold pieces.
You spent 3774 gold pieces at shops.

Inventory:

Hand Weapons
 A - a +9 heavy longbow (weapon)
Missiles
 l - 10 curare-tipped darts
 z - a throwing net
Armour
 b - the +5 pair of gloves of Zemnitro (worn) {rPois rCorr Int-2}
   (You bought it in a shop on level 10 of the Dungeon)

   Int-2:     It affects your intelligence (-2).
   rPois:     It protects you from poison rCorr: It protects you from acid and
   corrosion.
 o - a +2 pair of boots (worn)
 r - the +3 crown of Dyrovepreva (worn) {rElec Int+2 SInv}
   (You acquired it on level 3 of the Crypt)

   Int+2:     It affects your intelligence (+2).
   rElec:     It insulates you from electricity.
   SInv:      It lets you see invisible.
 E - the +8 plate armour "Ettunic" {rF++ rCorr SInv Stlth-}
   (You found it on level 3 of the Crypt)

   rF++:      It greatly protects you from fire.
   SInv:      It lets you see invisible.
   rCorr:     It protects you from acid and corrosion.
   Stlth-:    It makes you less stealthy.
 G - a +2 cloak of stealth (worn)
 J - the +0 ring mail of the Vacuum {rF+++ Int-5 Dex-3 SInv}
   (You bought it in a shop on level 10 of the Dungeon)

   Int-5:     It affects your intelligence (-5).
   Dex-3:     It affects your dexterity (-3).
   rF+++:     It renders you almost immune to fire.
   SInv:      It lets you see invisible.
 K - a +2 hat of willpower
 V - a +3 troll leather armour (worn)
Jewellery
 I - the amulet "Rezxass" (around neck) {Spirit Dex+4}
   (You found it in an ice cave)

   [amulet of guardian spirit]

   Spirit:    It causes incoming damage to be divided between your reserves of
   health and magic.
   Dex+4:     It affects your dexterity (+4).
 M - the ring "Wolounun" (left hand) {Wiz ^Contam rC++ rN+ Slay+4}
   (You found it on level 5 of the Pits of Slime)

   [ring of wizardry]

   Wiz:       It improves your spell success rate.
   Slay+4:    It affects your accuracy & damage with ranged weapons and melee
   (+4).
   rC++:      It greatly protects you from cold.
   rN+:       It protects you from negative energy.
   ^Contam:   It causes magical contamination when unequipped.
 O - the ring of Amorality {rC+ Will+}
   (You took it off a deep elf annihilator on level 3 of the Elven Halls)

   [ring of willpower]

   rC+:       It protects you from cold.
   Will+:     It increases your willpower.
 P - the ring "Lussesch" (right hand) {+Blink rF+ Will+ Str-3 Dex+2}
   (You acquired it on level 1 of the Crypt)

   [ring of protection from fire]

   Str-3:     It affects your strength (-3).
   Dex+2:     It affects your dexterity (+2).
   rF+:       It protects you from fire.
   Will+:     It increases your willpower.
   +Blink:    It lets you blink.
 S - a ring of the Octopus King {rN+ HP+2 AC+2 EV+2 SH+2}
   (You found it on level 5 of the Pits of Slime)

   [ring of positive energy]

   AC+2:      It affects your AC (+2).
   EV+2:      It affects your evasion (+2).
   rN+:       It protects you from negative energy.
   HP+2:      It affects your health (+2).
   SH+2:      It affects your SH (+2).
Wands
 c - a wand of quicksilver (43)
 h - a wand of roots (27)
 j - a wand of digging (16)
 m - a wand of charming (37)
 y - a wand of mindburst (31)
 T - a wand of polymorph (10)
Scrolls
 d - 3 scrolls of silence
 f - 5 scrolls of teleportation
 g - 12 scrolls of fog
 n - 4 scrolls of enchant armour
 p - 2 scrolls of fear
 q - 3 scrolls of noise
 B - 7 scrolls of immolation
 C - 5 scrolls of blinking
 H - 6 scrolls of butterflies
 N - 6 scrolls of brand weapon
 U - 3 scrolls of poison
 Y - 8 scrolls of vulnerability
Potions
 a - 5 potions of enlightenment
 e - 7 potions of haste
 i - 4 potions of resistance
 k - 8 potions of mutation
 s - 25 potions of curing
 t - 11 potions of heal wounds
 u - 11 potions of invisibility
 v - 4 potions of magic
 w - 4 potions of cancellation
 x - 4 potions of might
 L - 5 potions of berserk rage
 R - 3 potions of ambrosia
 W - 3 potions of brilliance
 Z - 5 potions of lignification
Miscellaneous
 D - a phial of floods
 F - a condenser vane
 X - a phantom mirror


   Skills:
 - Level 22.0 Fighting
 - Level 20.0 Ranged Weapons
 - Level 22.0 Armour
 - Level 22.0 Dodging
 - Level 0.7 Stealth
 - Level 7.0 Spellcasting
 - Level 6.0 Hexes
 - Level 8.0 Translocations
 + Level 23.9 Invocations
 - Level 8.0 Evocations


You had 31 spell levels left.
You knew the following spells:

 Your Spells              Type           Power      Damage    Failure   Level
a - Dimensional Bullseye  Hex/Tloc       5%         N/A       6%          4
b - Fugue of the Fallen   Necr           2%         N/A       32%         3

Your spell library contained the following spells:

 Spells                   Type           Power      Damage    Failure   Level
 Apportation              Tloc           22%        N/A       1%          1
 Blink                    Tloc           22%        N/A       1%          2
 Jinxbite                 Hex            18%        N/A       1%          2
 Lesser Beckoning         Tloc           22%        N/A       1%          2
 Gell's Gravitas          Tloc           11%        N/A       1%          3
 Teleport Other           Tloc           11%        N/A       1%          3
 Confusing Touch          Hex            9%         N/A       2%          3
 Sigil of Binding         Hex            9%         N/A       2%          3
 Tukima's Dance           Hex            9%         N/A       2%          3
 Momentum Strike          Conj/Tloc      12%        3d8       3%          2
 Ensorcelled Hibernation  Hex/Ice        10%        N/A       4%          2
 Passage of Golubria      Tloc           11%        N/A       4%          4
 Cause Fear               Hex            4%         N/A       9%          4
 Inner Flame              Hex/Fire       5%         N/A       10%         3
 Kiss of Death            Conj/Necr      8%         2d6       11%         1
 Magic Dart               Conj           8%         1d3       11%         1
 Necrotise                Necr           8%         1d4       11%         1
 Shock                    Conj/Air       8%         1d3       11%         1
 Sting                    Conj/Alch      8%         1d3       11%         1
 Summon Small Mammal      Summ           8%         N/A       11%         1
 Mercury Vapours          Alch/Air       4%         N/A       16%         2
 Searing Ray              Conj           4%         2d4       16%         2
 Sublimation of Blood     Necr           2%         N/A       16%         2
 Iskenderun's Mystic Bla  Conj/Tloc      6%         2d4       21%         4
 Vhi's Electric Charge    Tloc/Air       12%        N/A       21%         4
 Anguish                  Hex/Necr       2%         N/A       30%         4
 Call Canine Familiar     Summ           2%         N/A       32%         3
 Frozen Ramparts          Ice            4%         1d1       32%         3
 Mephitic Cloud           Conj/Alch/Air  2%         N/A       32%         3
 Ozocubu's Armour         Ice            2%         N/A       32%         3
 Passwall                 Erth           2%         N/A       32%         3
 Swiftness                Air            2%         N/A       32%         3
 Vampiric Draining        Necr           2%         2d6       32%         3
 Summon Forest            Summ/Tloc      3%         N/A       47%         5
 Metabolic Englaciation   Hex/Ice        2%         N/A       61%         5
 Yara's Violent Unravell  Hex/Alch       2%         3d3       61%         5
 Animate Armour           Summ/Erth      4%         N/A       69%         4
 Animate Dead             Necr           2%         N/A       69%         4
 Brom's Barrelling Bould  Conj/Erth      2%         2d3       69%         4
 Dispel Undead            Necr           2%         3d7       69%         4
 Flame Wave               Conj/Fire      2%         2d4       69%         4
 Fulminant Prism          Conj/Alch      1%         3d5       69%         4
 Leda's Liquefaction      Alch/Erth      1%         N/A       69%         4
 Martyr's Knell           Necr/Summ      2%         N/A       69%         4
 Olgreb's Toxic Radiance  Alch           2%         N/A       69%         4
 Petrify                  Alch/Erth      2%         N/A       69%         4
 Sticky Flame             Fire/Alch      2%         2d4       69%         4
 Summon Blazeheart Golem  Fire/Summ      2%         N/A       69%         4
 Summon Lightning Spire   Summ/Air       2%         N/A       69%         4
 Alistair's Intoxication  Alch           1%         N/A       95%         5
 Arcjolt                  Conj/Air       1%         1d11      95%         5
 Borgnjor's Vile Clutch   Necr/Erth      1%         N/A       95%         5
 Curse of Agony           Necr           2%         N/A       95%         5
 Fireball                 Conj/Fire      1%         3d3       95%         5
 Freezing Cloud           Conj/Ice/Air   1%         6-21      95%         5
 Iskenderun's Battlesphe  Conj           2%         2d6       95%         5
 Lee's Rapid Deconstruct  Erth           1%         3d4*      95%         5
 Enfeeble                 Hex            4%         N/A       99%         7
 Bombard                  Conj/Erth      1%         9d1       100%        6
 Conjure Ball Lightning   Conj/Air       1%         3x3d6     100%        6
 Death Channel            Necr           1%         N/A       100%        6
 Eringya's Noxious Bog    Alch           1%         4d6       100%        6
 Plasma Beam              Fire/Air       1%         2x1d11    100%        6
 Sculpt Simulacrum        Ice/Alch       1%         N/A       100%        6
 Summon Cactus Giant      Summ           1%         N/A       100%        6
 Haunt                    Necr/Summ      1%         N/A       100%        7
 Malign Gateway           Summ/Tloc      3%         N/A       100%        7
 Orb of Destruction       Conj           1%         9d5       100%        7
 Ozocubu's Refrigeration  Ice            1%         4d7       100%        7
 Spellforged Servitor     Conj/Summ      1%         N/A       100%        7
 Summon Hydra             Summ           1%         N/A       100%        7
 Borgnjor's Revivificati  Necr           1%         N/A       100%        8
 Discord                  Hex            4%         N/A       100%        8
 Summon Horrible Things   Summ           1%         N/A       100%        8
 Dragon's Call            Summ           1%         N/A       100%        9


Dungeon Overview and Level Annotations

Branches:
Dungeon (15/15)            Temple (1/1) D:4            Lair (5/5) D:10
  Swamp (4/4) Lair:2        Snake (4/4) Lair:2        Slime (5/5) Lair:4
    Orc (2/2) D:12            Elf (3/3) Orc:2        Vaults (4/5) D:13
  Crypt (3/3) Vaults:2       Tomb (0/3) Crypt:3      Depths (4/4) D:15
    Zot (5/5) Depths:4      Sewer (visited)          Bailey (visited)
  IceCv (visited)          WizLab (visited)

Altars:
Ashenzari
Cheibriados
Dithmenos
Elyvilon
Fedhas
Gozag
Hepliaklqana
Kikubaaqudgha
Makhleb
Nemelex Xobeh
Okawaru
Qazlal
Ru
Sif Muna
Trog
Uskayaw
Vehumet
Wu Jian
Xom
Yredelemnul
Zin
The Shining One
Jiyva

Shops:
D:7 [   D:8 [   D:10 [(!   D:11 [   Orc:2 !(?=(   Elf:2 (   Snake:1 ?
Snake:4 !   Vaults:1 [   Vaults:2 (   Depths:1 :   Depths:2 *

Portals:
Hell: Depths:1 Depths:2 Depths:3 Depths:4
Abyss: Depths:1 Depths:3
Pandemonium: Depths:1 Depths:2
Ziggurat: Depths:4
Trove: Elf:3 (give 13 scrolls of teleportation)

Annotations:
D:3 2 transporters, Livid's ghost, amateur FoCA
D:5 5 runed translucent doors
D:6 2 transporters
D:8 3 runed translucent doors, Mahakala's ghost, novice GrMo
D:9 3 runed translucent doors, 2 transporters, puppykicker's ghost, journeyman TrFi
Lair:5 2 runed translucent doors
Snake:2 2 transporters
Elf:2 3 runed translucent doors
Elf:3 2 transporters, shadowrider38's ghost, adept BaSh
Vaults:4 fuk
Depths:4 Boris
Zot:2 exclusion: 4 upstairs
Zot:3 exclusion: 2 upstairs
Zot:4 exclusion: 3 upstairs
Zot:5 exclusion: 2 upstairs


Innate Abilities, Weirdness & Mutations

Your life essence is reduced to manifest your ancestor. (-10% HP)
You have a pair of horns on your head.
You reflexively headbutt those who attack you in melee.
You have large cloven feet.
You are robust. (+10% HP)
You expend magic power (3 MP) to strengthen your wands.


Message History

What level of the Dungeon? (default 1, ? - help)
There is a stone staircase leading up here.
You climb upwards.
There is a stone staircase leading down here.
There is a stone staircase leading up here.
You climb upwards.
Level annotation: 2 transporters, Livid's ghost, amateur FoCA
There is a stone staircase leading down here.
Things that are here:
a +0 dagger; a +0 club
There is a stone staircase leading up here.
You climb upwards.
There is a stone staircase leading down here.
There is a stone staircase leading up here.
You climb upwards.
There is a stone staircase leading down here.
What level of the Dungeon? (default 1, ? - help)
You see here 7 stones.
There is a staircase leading out of the dungeon here.
Hepliaklqana grants shitcorn healing and protection!
Hepliaklqana grants shitcorn healing and protection!
Hepliaklqana grants shitcorn healing and protection!
Hepliaklqana grants shitcorn healing and protection!
Hepliaklqana grants shitcorn healing and protection!
Hepliaklqana grants shitcorn healing and protection!
Hepliaklqana grants shitcorn healing and protection!
Hepliaklqana grants shitcorn healing and protection!
Hepliaklqana grants shitcorn healing and protection!
You don't have enough magic at the moment.
Magic courses through your body.
Hepliaklqana grants shitcorn healing and protection!
Hepliaklqana grants shitcorn healing and protection!
You no longer drain nearby creatures when transferring your ancestor.
Hepliaklqana grants shitcorn healing and protection!
Hepliaklqana grants shitcorn healing and protection!
Hepliaklqana grants shitcorn healing and protection!
You can no longer heal and protect your ancestor.
Something hits the plant!
The plant begins to die.
The plant writhes in agony.
Something hits the plant.
The plant writhes in agony.
You have escaped! #....PPPPPPPPPPP######## #.# #P...P.PPPPPPPPP# #.# #PP........PPPPP# #.# #PPP..PPPPP..PPP# #.# #PP..PP...PPP.PP# #.# #PP.PP.PPP.PP.PP# ########.# #P.PP.PP.PP.PP.P# #........# ##P.P.PP.P.PP.PRP#

#.########
#...P.P.PPP.P.P@P#
#.#
#.P.P.PP.P.PP.P.P#
#.#


#.P.PP.PP.PP.PP.P# #.# #.PP!PP.PPP.PP.PP# #.# ##.PP.PPP...PPP.PP# #.#
...PPP..PPPPP..PPP# #.# ##.PPPPP.[...PPPPP# #.# ##PPPPPPPPPPPPPPP######.#
#PPPPPPPPPPPPPPP.......# You could see the friendly shitcorn the knight
(idealised, reflecting).

Vanquished Creatures
  the Royal Jelly (Slime:5)
  5 dread liches
  3 ancient liches
  2 orbs of fire (Zot:5)
  2 juggernauts
  Boris (twice) (Depths:1 Crypt:1)
  3 Killer Klowns (Zot:5)
  A caustic shrike (Depths:3)
  9 golden dragons
  Norris (Vaults:1)
  A bone dragon (Depths:4)
  Nikola (Swamp:2)
  A Brimstone Fiend (Zot:1)
  A hellephant (Depths:3)
  10 tentacled monstrosities
  3 walking crystal tomes
  A Cloud Mage (WizLab)
  Mlioglotl (Swamp:2)
  22 Orb Guardians
  2 titans (Depths:3)
  5 deep elf blademasters (Elf:3)
  3 liches
  4 deep elf master archers (Elf:3)
  20 acid blobs
  3 quicksilver dragons
  Gastronok (D:9)
  3 sphinxes
  2 ancient champions (Crypt:2)
  A death cob (Zot:4)
  4 tengu reavers
  A thorn hunter (Swamp:4)
  3 fenstrider witches (Swamp:4)
  8 storm dragons
  3 shadow dragons
  10 nagarajas
  8 azure jellies
  9 fire giants
  3 draconian monks
  8 rockslimes
  Aizul (Swamp:1)
  2 draconian shifters (Zot:5)
  2 draconian knights (Zot:5)
  6 vault wardens
  5 deep elf sorcerers
  An iron dragon (Depths:3)
  A balrug (Depths:1)
  5 frost giants
  A curse skull (Crypt:3)
  A deep elf elementalist (Elf:3)
  A draconian scorcher (Depths:4)
  A caustic shrike zombie (Crypt:1)
  An orc warlord (Vaults:1)
  A spriggan defender (Depths:3)
  8 quicksilver oozes (Slime:5)
  Louise (Swamp:4)
  A draconian annihilator (Zot:1)
  7 ghouls
  10 ironbound preservers
  A reaper (D:5)
  5 ironbound thunderhulks
  A caustic shrike skeleton (Crypt:3)
  7 formless jellyfish
  7 stone giants
  2 black draconians (Depths:4)
  3 vampire knights
  A deep elf demonologist (Elf:3)
  7 purple draconians
  8 deep elf death magi
  3 war gargoyles
  7 bunyips
  3 eleionomae
  A yellow draconian (Zot:5)
  16 dire elephants
  4 red draconians
  4 deep elf annihilators (Elf:3)
  5 green draconians
  8 spark wasps
  A fire dragon (Depths:3)
  A merfolk impaler (Depths:1)
  A green death (D:15)
  An acid blob zombie (Crypt:1)
  4 jiangshi
  3 eidola
  5 blizzard demons
  4 ettins
  2 deep elf high priests (Elf:3)
  An entropy weaver (shapeshifter) (D:14)
  An entropy weaver (Vaults:2)
  2 crystal guardians
  8 yaktaur captains
  2 rakshasas
  A shambling mangrove (Swamp:2)
  2 peacekeepers
  10 great orbs of eyes
  Harold (D:11)
  4 vault guards (Vaults:1)
  A hell beast (Swamp:4)
  2 salamander tyrants (Snake:1)
  10 hydras
  A fenstrider witch skeleton (Crypt:3)
  3 ogre magi
  2 spriggan skeletons (Crypt:3)
  7 ice dragons
  A sphinx zombie (Crypt:2)
  5 spriggan air magi
  A catoblepas (D:14)
  5 boulder beetles
  6 centaur warriors
  2 ghost crabs
  10 alligators
  8 ironbound frosthearts
  2 death knights
  7 two-headed ogres
  14 naga warriors
  15 anacondas
  5 vampire magi
  5 tengu warriors
  14 dancing weapons
  3 orc high priests
  A sphinx skeleton (Depths:1)
  3 deep troll earth magi
  6 deep troll shamans
  5 spriggan berserkers
  A titan zombie (Crypt:1)
  4 shock serpents
  2 hell hogs (Depths:3)
  2 occultists (Depths:1)
  17 naga sharpshooters
  8 deep elf knights
  22 hell knights
  2 sun demons
  5 soul eaters
  7 spriggans
  4 salamander mystics
  5 skysharks
  2 sixfirhies (Swamp:4)
  2 iron trolls
  A shadow wraith (Crypt:2)
  8 skeletal warriors
  47 deep trolls
  7 goliath frogs
  An orb spider (shapeshifter) (Depths:3)
  7 flayed ghosts
  An iron giant skeleton (Crypt:2)
  11 mana vipers
  5 naga ritualists
  7 bog bodies
  A spark wasp zombie (Depths:1)
  7 spriggan druids
  A shadow demon (Depths:1)
  12 ironbound convokers
  4 swamp dragons (Swamp:4)
  2 death drakes (WizLab)
  8 deep elf archers
  3 harpies (Vaults:4)
  6 arcanists
  An orc knight (D:13)
  3 steelbarb worms (Swamp:1)
  13 phantasmal warriors
  A steelbarb worm (shapeshifter) (Depths:1)
  An anaconda skeleton (Crypt:1)
  17 deep elf zephyrmancers
  2 golden dragon skeletons
  4 necromancers
  A goliath frog zombie (Crypt:2)
  22 deep elf pyromancers
  5 lindwurms
  3 cyclopes
  5 orc sorcerers
  A harpy (shapeshifter) (Elf:2)
  31 ugly things
  A manticore (D:14)
  A tengu skeleton (Vaults:4)
  8 shining eyes
  10 will-o-the-wisps
  14 salamanders
  6 elephants
  10 moths of wrath
  4 eyes of devastation
  A kobold blastminer (Orc:1)
  An ice statue (IceCv)
  8 vault sentinels
  28 black mambas
  2 molten gargoyles (Lair:5)
  6 guardian serpents
  An apocalypse crab (WizLab)
  14 cane toads
  24 naga magi
  4 smoke demons
  5 orange demons (Swamp:4)
  A dire elephant skeleton (Crypt:1)
  2 kobold demonologists
  A hellion (Depths:2)
  A death yak zombie (Crypt:2)
  2 gargoyles (Crypt:3)
  3 freezing wraiths
  23 yaktaurs
  An unseen horror (D:12)
  6 rime drakes
  12 komodo dragons
  3 guardian mummies
  3 efreet
  An ice devil (D:11)
  A red draconian skeleton (Crypt:2)
  A purple draconian skeleton (Crypt:1)
  11 tyrant leeches
  3 wind drakes (WizLab)
  5 hellwings
  8 hornets
  A troll (D:12)
  A bloated husk (Swamp:1)
  A harpy skeleton (Crypt:3)
  A hornet (shapeshifter) (Elf:1)
  A polar bear (Lair:4)
  2 glass eyes
  8 blink frogs (Lair:5)
  An ice dragon zombie (Crypt:1)
  A frost giant simulacrum (Depths:1)
  49 slime creatures
  A centaur simulacrum (D:15)
  2 satyr skeletons (Crypt:1)
  4 shadows
  12 air elementals
  A ynoxinul (D:15)
  45 yaks
  9 wraiths
  12 wyverns
  3 basilisks
  9 water elementals
  6 fire elementals
  An ushabti (Crypt:3)
  2 wargs
  9 golden eyes
  4 steam dragons
  A warg (shapeshifter) (Elf:3)
  17 vampire mosquitoes
  A redback (Vaults:2)
  4 chaos spawn
  46 nagas
  15 swamp worms
  5 hell hounds (Lair:5)
  12 water moccasins
  An ice beast (D:4)
  An ettin simulacrum (Crypt:1)
  18 orc warriors
  3 swamp drakes
  11 laughing skulls
  9 ogres
  4 boggarts (Vaults:2)
  32 wolves
  12 centaurs
  4 kobold brigands (D:13)
  10 bullfrogs
  4 gnoll sergeants
  2 earth elementals
  12 scorpions
  3 necrophages (Crypt:2)
  A human skeleton (Vaults:4)
  4 wights
  4 lindwurm simulacra (IceCv)
  9 killer bees
  2 howler monkeys (D:13)
  A yak skeleton (Crypt:2)
  A wolf zombie (Crypt:1)
  3 jellies
  5 lava snakes (Lair:5)
  A bombardier beetle (D:4)
  4 komodo dragon simulacra (IceCv)
  3 hounds
  23 orc priests
  A gnoll bouda (D:7)
  4 sleepcaps
  An iguana (D:5)
  36 orc wizards
  A boggart zombie (Crypt:2)
  A tengu zombie (Crypt:2)
  4 mummies (Crypt:3)
  25 gnolls
  5 acid dragon simulacra (IceCv)
  7 adders
  A swamp drake skeleton (Crypt:1)
  2 shadow imps
  8 white imps
  2 ufetubi (D:5)
  6 steam dragon simulacra (IceCv)
  4 dart slugs
  A ribbon worm (D:5)
  56 orcs
  3 endoplasms (D:4)
  4 giant cockroaches
  18 goblins
  11 hobgoblins
  10 jackals
  5 quokkas
  5 ball pythons
  10 bats
  A bombardier beetle zombie (Crypt:2)
  6 frilled lizards
  5 kobolds
  A kobold zombie (Crypt:2)
  6 rats
  2 river rat skeletons
1812 creatures vanquished.

Vanquished Creatures (collateral kills)
  2 ancient liches
  A Killer Klown (Zot:5)
  A golden dragon (Zot:3)
  A pandemonium lord (Zot:1)
  2 electric golems (Zot:5)
  2 doom hounds (Depths:3)
  Zenata (Crypt:3)
  2 tentacled monstrosities
  5 Orb Guardians (Zot:5)
  A lich (Zot:1)
  Grunn (Depths:3)
  6 acid blobs (Slime:5)
  2 sphinxes
  2 storm dragons
  A tengu reaver (Depths:4)
  A fenstrider witch (Swamp:4)
  A nagaraja (Snake:3)
  2 rockslimes
  A fire giant (Depths:3)
  4 azure jellies
  A vault warden (Vaults:1)
  A deep elf sorcerer (Elf:3)
  2 balrugs (Crypt:3)
  2 deep elf elementalists
  A ghost moth (Zot:1)
  4 ironbound preservers
  5 formless jellyfish
  3 quicksilver oozes
  A spriggan defender (Depths:2)
  A draconian annihilator (Zot:5)
  A stone giant (Depths:4)
  A deep elf demonologist (Elf:3)
  A deep elf death mage (Crypt:2)
  2 yellow draconians
  2 vampire knights
  3 bunyips
  3 dire elephants
  A white draconian (Zot:1)
  A red draconian (Zot:2)
  A war gargoyle (Crypt:3)
  3 spark wasps
  An ettin (Depths:1)
  A crystal guardian (Vaults:2)
  A fire dragon (Depths:4)
  An eidolon (Crypt:1)
  A jiangshi (Depths:1)
  A shambling mangrove (Swamp:1)
  A yaktaur captain (Vaults:1)
  A salamander tyrant (Snake:4)
  3 great orbs of eyes
  An ironbound frostheart (Vaults:2)
  2 spriggan air magi (Depths:4)
  An ice dragon (Depths:1)
  A hydra (Swamp:2)
  An anaconda (Snake:1)
  2 ghost crabs
  A two-headed ogre (D:10)
  A deep troll shaman (Depths:1)
  An alligator (Swamp:2)
  A tengu warrior (Depths:1)
  A dancing weapon (Elf:3)
  A naga warrior (Snake:4)
  4 naga sharpshooters
  An occultist (Swamp:4)
  2 spriggan berserkers
  A shock serpent (Snake:2)
  An iron troll (Depths:1)
  2 hell knights (Crypt:3)
  2 skeletal warriors
  A shadow wraith (Crypt:3)
  2 deep elf knights
  2 skysharks
  14 deep trolls
  A spriggan druid (Swamp:4)
  A goliath frog (Swamp:3)
  2 flayed ghosts (Crypt:3)
  A glowing orange brain (Depths:1)
  A swamp dragon (Swamp:4)
  3 deep elf archers
  A phantasmal warrior (Crypt:3)
  An ironbound convoker (Vaults:3)
  A naga ritualist (Snake:4)
  3 deep elf zephyrmancers
  2 necromancers
  2 deep elf pyromancers
  4 ugly things
  An orc sorcerer (Orc:2)
  A shining eye (Slime:5)
  A will-o-the-wisp (Swamp:2)
  A salamander (Snake:2)
  4 elephants
  A black mamba (Snake:2)
  An apocalypse crab (WizLab)
  An ice statue (IceCv)
  4 vault sentinels
  2 naga magi
  2 smoke demons (Crypt:3)
  2 gargoyles (Crypt:3)
  A guardian serpent (Snake:4)
  A centaur skeleton (Crypt:3)
  A cane toad (Lair:4)
  A dire elephant skeleton (Crypt:1)
  2 unseen horrors
  A komodo dragon (Lair:3)
  2 yaktaurs (Vaults:4)
  4 tyrant leeches
  A blink frog (Lair:5)
  5 hornets
  A wind drake (WizLab)
  A harpy skeleton (Crypt:3)
  An iron dragon simulacrum (Depths:1)
  21 slime creatures
  A glass eye (Depths:4)
  A jumping spider (Vaults:2)
  A shadow (D:10)
  An air elemental (WizLab)
  3 spriggans
  11 yaks
  A wyvern (D:10)
  A basilisk (Lair:5)
  6 vampire mosquitoes
  3 swamp worms
  11 nagas
  A water moccasin (Lair:3)
  A swamp drake (Swamp:2)
  3 laughing skulls (Crypt:1)
  2 orc warriors
  4 wolves
  A black bear (Lair:2)
  An ogre (Orc:2)
  A centaur (D:7)
  2 bullfrogs (D:8)
  An earth elemental (Elf:2)
  A necrophage (Swamp:4)
  2 wights (D:9)
  6 killer bees
  A lindwurm simulacrum (IceCv)
  A howler monkey (D:7)
  A komodo dragon simulacrum (IceCv)
  3 orc priests (Orc:2)
  6 orc wizards
  4 mummies (Crypt:3)
  6 gnolls
  5 white imps
  15 orcs
331 creatures vanquished.

Vanquished Creatures (others)
  A yaktaur captain (Vaults:4)
  A centaur warrior (Vaults:2)
  2 deep elf archers (Elf:3)
  5 yaktaurs
  A water elemental (Elf:3)
  A naga (Snake:3)
  48 knights
  2 ancestors (D:7)
  15 foxfires
76 creatures vanquished.

Grand Total: 2219 creatures vanquished

Notes
Turn   | Place    | Note
-------+----------+-------------------------------------------
     0 | D:1      | bakla the Minotaur Hunter began the quest for the Orb.
     0 | D:1      | Reached XP level 1. HP: 18/18 MP: 0/0
   154 | D:1      | Reached XP level 2. HP: 25/25 MP: 1/1
  1134 | D:2      | Reached XP level 3. HP: 31/31 MP: 2/2
  1137 | D:2      | Found a shimmering blue altar of Sif Muna.
  1527 | D:2      | Reached skill level 5 in Ranged Weapons
  1874 | D:3      | Reached XP level 4. HP: 40/40 MP: 3/3
  1893 | D:3      | Found a glowing drain.
  1909 | Sewer    | Entered a sewer
  1976 | Sewer    | Noticed Pargi
  2111 | D:3      | Found a faded altar of an unknown god.
  2262 | D:3      | Found a transporter.
  2273 | D:3      | Noticed Livid's ghost (amateur FoCA)
  2276 | D:3      | Found a transporter.
  2784 | D:4      | Found a shimmering altar of Xom.
  2798 | D:4      | Reached XP level 5. HP: 26/46 MP: 4/4
  3209 | D:4      | Reached XP level 6. HP: 55/55 MP: 5/5
  3253 | D:4      | Reached skill level 5 in Fighting
  3465 | D:4      | Identified a scroll of acquirement
  3466 | D:4      | Acquired 594 gold pieces
  3607 | D:4      | Found a staircase to the Ecumenical Temple.
  3613 | Temple   | Entered the Ecumenical Temple
  3631 | Temple   | Became a worshipper of Hepliaklqana the Forgotten
  3868 | D:4      | Found a stormy altar of Qazlal.
  3868 | D:4      | Found a shimmering blue altar of Sif Muna.
  4045 | D:5      | Entered Level 5 of the Dungeon
  4625 | D:5      | Reached skill level 5 in Dodging
  4715 | D:5      | Noticed an ice beast
  4800 | D:5      | Reached XP level 7. HP: 62/62 MP: 6/6
  5253 | D:5      | Noticed a redback
  5256 | D:5      | Found a runed translucent gate.
  5257 | D:5      | Found a runed translucent gate.
  5258 | D:5      | Found a runed translucent door.
  5268 | D:5      | Found a runed translucent gate.
  5270 | D:5      | Noticed a redback
  5270 | D:5      | Noticed a redback
  5277 | D:5      | Found a runed translucent door.
  5302 | D:5      | Found the +9 staff of Olgreb {rPois∞}
  5424 | D:5      | Found an iron altar of Okawaru.
  5995 | D:5      | Reached XP level 8. HP: 71/71 MP: 7/7
  6995 | D:6      | Found a transporter.
  6995 | D:6      | Found a transporter.
  7114 | D:6      | Reached * piety under Hepliaklqana
  8123 | D:7      | Reached XP level 9. HP: 24/72 MP: 6/8
  8123 | D:7      | Found Poat's Antique Armour Emporium.
  8127 | D:7      | Bought a pair of runed gloves for 247 gold pieces
  8914 | D:7      | Reached skill level 10 in Ranged Weapons
  9027 | D:8      | Found a runed translucent gate.
  9027 | D:8      | Found a runed translucent gate.
  9027 | D:8      | Noticed an 11-headed hydra
  9027 | D:8      | Noticed Mahakala's ghost (novice GrMo)
  9028 | D:8      | Found a runed translucent gate.
  9077 | D:8      | Found a basalt altar of Yredelemnul.
  9246 | D:8      | Reached ** piety under Hepliaklqana
  9247 | D:8      | Remembered your ancestor shitcorn as a knight
  9458 | D:8      | Found Sioff's Armour Emporium.
  9465 | D:8      | Reached skill level 1 in Invocations
  9492 | D:8      | Found an opulent altar of Gozag.
  9666 | D:8      | Found a glowing silver altar of Zin.
  9867 | D:9      | Noticed Gastronok
 10053 | D:8      | Reached skill level 2 in Invocations
 10205 | D:9      | Reached XP level 10. HP: 81/81 MP: 10/10
 10311 | D:9      | Killed Gastronok
 10312 | D:9      | Reached skill level 3 in Invocations
 10418 | D:8      | Reached skill level 10 in Fighting
 10602 | D:9      | Found a runed translucent gate.
 10603 | D:9      | Found a runed translucent gate.
 10603 | D:9      | Found a runed translucent gate.
 10603 | D:9      | Noticed a manticore
 10626 | D:9      | Found a snail-covered altar of Cheibriados.
 10735 | D:9      | Noticed puppykicker's ghost (journeyman TrFi)
 10744 | D:9      | Found a transporter.
 10768 | D:9      | Found a transporter.
 10781 | D:9      | Found a burning altar of Makhleb.
 10859 | D:10     | Entered Level 10 of the Dungeon
 10859 | D:10     | Found Gyrphusi's Distillery.
 10941 | D:10     | Reached skill level 4 in Invocations
 10977 | D:10     | Found a flagged portal.
 10986 | Bailey   | Entered a bailey
 11653 | D:10     | Reached XP level 11. HP: 90/90 MP: 13/13
 11678 | D:10     | Found Mahodu's Weapon Boutique.
 11722 | D:10     | Bought a +0 longbow for 104 gold pieces
 11737 | D:10     | Bought a potion of curing for 48 gold pieces
 11737 | D:10     | Bought 2 potions of heal wounds for 160 gold pieces
 11737 | D:10     | Bought a potion of mutation for 128 gold pieces
 11737 | D:10     | Gained mutation: You are frail. (-10% HP) [potion of
                  | mutation]
 11737 | D:10     | Gained mutation: Your flesh is heat resistant. (rF+)
                  | [potion of mutation]
 11738 | D:10     | Lost mutation: Your flesh is heat resistant. (rF+) [potion
                  | of mutation]
 11738 | D:10     | Lost mutation: You are frail. (-10% HP) [potion of
                  | mutation]
 11738 | D:10     | Gained mutation: You have a pair of large horns on your
                  | head. [potion of mutation]
 11738 | D:10     | Gained mutation: Your health recovers twice as slowly from
                  | being drained. [potion of mutation]
 11738 | D:10     | Gained mutation: You are frail. (-10% HP) [potion of
                  | mutation]
 11738 | D:10     | Gained mutation: You are partially covered in iridescent
                  | scales. (AC +2) [potion of mutation]
 11739 | D:10     | Lost mutation: You are partially covered in iridescent
                  | scales. (AC +2) [potion of mutation]
 11739 | D:10     | Lost mutation: You are frail. (-10% HP) [potion of
                  | mutation]
 11739 | D:10     | Gained mutation: You are partially covered in iridescent
                  | scales. (AC +2) [potion of mutation]
 11739 | D:10     | Gained mutation: Your system is resistant to poisons.
                  | (rPois) [potion of mutation]
 11846 | D:10     | Noticed a two-headed ogre
 11852 | D:10     | Killed a two-headed ogre
 11883 | D:10     | Found Qusio's Antique Armour Shop.
 11953 | D:10     | Bought a pair of steaming gloves for 313 gold pieces
 11953 | D:10     | Identified the +5 pair of gloves of Zemnitro {rPois rCorr
                  | Int-2} (You bought it in a shop on level 10 of the Dungeon)
 11963 | D:10     | Lost mutation: Your system is resistant to poisons. (rPois)
                  | [potion of mutation]
 11963 | D:10     | Lost mutation: You have a pair of large horns on your head.
                  | [potion of mutation]
 11963 | D:10     | Lost mutation: You are partially covered in iridescent
                  | scales. (AC +2) [potion of mutation]
 11963 | D:10     | Gained mutation: Your spells are a little harder to cast,
                  | but a little more powerful. [potion of mutation]
 12078 | D:10     | Reached skill level 5 in Invocations
 12081 | D:10     | Reached *** piety under Hepliaklqana
 12106 | D:10     | Reached skill level 10 in Dodging
 12130 | D:10     | Found a staircase to the Lair.
 12462 | D:11     | Found a frozen archway.
 12502 | D:11     | Noticed Harold
 12544 | D:11     | Noticed a brown ugly thing
 12554 | D:11     | Killed a brown ugly thing
 12621 | D:11     | Reached skill level 15 in Ranged Weapons
 12621 | D:11     | Reached XP level 12. HP: 99/99 MP: 14/14
 12779 | D:11     | Found a flickering gateway to a bazaar.
 12831 | D:11     | Lost mutation: Your health recovers twice as slowly from
                  | being drained. [potion of mutation]
 12831 | D:11     | Lost mutation: Your spells are a little harder to cast, but
                  | a little more powerful. [potion of mutation]
 12831 | D:11     | Gained mutation: You are weak. (Str -2) [potion of
                  | mutation]
 12831 | D:11     | Gained mutation: Your body sometimes deteriorates upon
                  | taking damage. [potion of mutation]
 12832 | D:11     | Lost mutation: You are weak. (Str -2) [potion of mutation]
 12832 | D:11     | Lost mutation: Your body sometimes deteriorates upon taking
                  | damage. [potion of mutation]
 12832 | D:11     | Gained mutation: You expend magic power (3 MP) to
                  | strengthen your wands. [potion of mutation]
 12832 | D:11     | Gained mutation: You are robust. (+10% HP) [potion of
                  | mutation]
 12855 | D:11     | Killed Harold
 13022 | IceCv    | Entered an ice cave
 13481 | IceCv    | Noticed an ice dragon
 13513 | IceCv    | Killed an ice dragon
 13614 | IceCv    | Identified the amulet "Rezxass" {Spirit Dex+4}
 13694 | D:10     | Bought a brightly glowing ring mail for 297 gold pieces
 13694 | D:10     | Identified the +0 ring mail of the Vacuum {rF+++ Int-5
                  | Dex-3 SInv} (You bought it in a shop on level 10 of the
                  | Dungeon)
 13694 | D:10     | Bought a glowing hat for 231 gold pieces
 13808 | Lair:1   | Entered Level 1 of the Lair of Beasts
 14033 | Lair:1   | Reached XP level 13. HP: 118/118 MP: 16/16
 14054 | Lair:1   | Reached skill level 6 in Invocations
 14232 | Lair:1   | Reached **** piety under Hepliaklqana
 14853 | Lair:2   | Found a staircase to the Swamp.
 15170 | Lair:2   | Reached skill level 7 in Invocations
 15429 | Lair:2   | Found a staircase to the Snake Pit.
 15869 | Lair:3   | Reached ***** piety under Hepliaklqana
 16230 | Lair:3   | Reached XP level 14. HP: 113/129 MP: 16/18
 16735 | Lair:3   | Reached skill level 8 in Invocations
 16748 | Lair:3   | Found the +3 pair of seven-league boots {Rampage+∞}
 17138 | Lair:4   | Found a viscous altar of Jiyva.
 17139 | Lair:4   | Found a staircase to the Slime Pits.
 17643 | Lair:5   | Entered Level 5 of the Lair of Beasts
 17906 | Lair:5   | Reached ****** piety under Hepliaklqana
 18286 | Lair:5   | Found a large runed translucent door.
 18288 | Lair:5   | Found a large runed translucent door.
 18935 | D:11     | Found Egeuc's Antique Armour Shoppe.
 19304 | D:12     | Found a staircase to the Orcish Mines.
 19797 | D:13     | Reached skill level 9 in Invocations
 20129 | D:13     | Found a gate to the Vaults.
 20405 | D:13     | Reached skill level 15 in Fighting
 20405 | D:13     | Reached XP level 15. HP: 141/141 MP: 20/20
 21639 | D:15     | Entered Level 15 of the Dungeon
 21842 | D:15     | Reached skill level 15 in Dodging
 22227 | D:15     | Found a staircase to the Depths.
 22637 | Orc:1    | Entered Level 1 of the Orcish Mines
 22653 | Orc:1    | Found a shimmering altar of Xom.
 23307 | Orc:2    | Entered Level 2 of the Orcish Mines
 23307 | Orc:2    | Found Ganyikho's Distillery.
 23328 | Orc:2    | Found a staircase to the Elven Halls.
 23821 | Orc:2    | Found Kuskam's Magic Scroll Emporium.
 23821 | Orc:2    | Found Husch's Antique Weapon Emporium.
 23827 | Orc:2    | Found Oqoxtec's Jewellery Shoppe.
 23829 | Orc:2    | Found Zot Fudoge's Antique Weapon Shoppe.
 23837 | Orc:2    | Bought a scroll of fear for 48 gold pieces
 23837 | Orc:2    | Bought a scroll of fog for 48 gold pieces
 24081 | Orc:2    | Bought a potion of mutation for 96 gold pieces
 24081 | Orc:2    | Bought a potion of ambrosia for 96 gold pieces
 24081 | Orc:2    | Bought a potion of ambrosia for 96 gold pieces
 24081 | Orc:2    | Bought a potion of curing for 36 gold pieces
 24318 | Snake:1  | Entered Level 1 of the Snake Pit
 24334 | Snake:1  | Reached XP level 16. HP: 157/157 MP: 21/21
 24408 | Snake:1  | Found a glowing silver altar of Zin.
 24447 | Snake:1  | Identified the +5 trident of the Countless Moons {drain,
                  | Will+}
 25174 | Snake:1  | Found Novosune's Magic Scroll Boutique.
 25177 | Snake:1  | Bought a scroll of enchant armour for 135 gold pieces
 25177 | Snake:1  | Bought a scroll of enchant armour for 135 gold pieces
 25177 | Snake:1  | Bought a scroll of enchant armour for 135 gold pieces
 25177 | Snake:1  | Bought a scroll of blinking for 135 gold pieces
 25177 | Snake:1  | Bought a scroll of immolation for 72 gold pieces
 25177 | Snake:1  | Bought a scroll of immolation for 72 gold pieces
 25982 | Snake:2  | Learned a level 4 spell: Dimensional Bullseye
 26065 | Snake:2  | Found a transporter.
 26205 | Snake:2  | Found a transporter.
 27060 | Snake:3  | Reached XP level 17. HP: 170/170 MP: 22/22
 27427 | Snake:4  | Entered Level 4 of the Snake Pit
 27587 | Snake:4  | Found Funiprirgh's Distillery.
 27677 | Snake:4  | Bought a potion of cancellation for 104 gold pieces
 27677 | Snake:4  | Bought a potion of cancellation for 104 gold pieces
 27677 | Snake:4  | Bought a potion of curing for 39 gold pieces
 27677 | Snake:4  | Bought a potion of heal wounds for 65 gold pieces
 27677 | Snake:4  | Bought a potion of heal wounds for 65 gold pieces
 28199 | Snake:4  | Reached skill level 10 in Invocations
 28349 | Snake:4  | Reached skill level 11 in Invocations
 28583 | Snake:4  | Got a serpentine rune of Zot
 28767 | Swamp:1  | Entered Level 1 of the Swamp
 28888 | Swamp:1  | Reached skill level 12 in Invocations
 29022 | Swamp:1  | Reached skill level 1 in Armour
 29207 | Swamp:1  | Identified the serpent talisman of Subjectivity {Dex+3}
 29207 | Swamp:1  | Noticed Aizul
 29220 | Swamp:1  | Killed Aizul
 29254 | Swamp:1  | Reached XP level 18. HP: 178/178 MP: 26/26
 29533 | Swamp:2  | Noticed Mlioglotl
 29537 | Swamp:2  | Noticed a Hell Sentinel
 29629 | Swamp:2  | Killed Mlioglotl
 29632 | Swamp:2  | Reached skill level 5 in Armour
 29780 | Swamp:2  | Reached skill level 13 in Invocations
 29856 | Swamp:2  | Noticed Nikola
 29865 | Swamp:2  | Killed Nikola
 30222 | Swamp:3  | Noticed a tentacled monstrosity
 30248 | Swamp:3  | Noticed a tentacled monstrosity
 30408 | Swamp:3  | Killed a tentacled monstrosity
 30472 | Swamp:3  | Killed a tentacled monstrosity
 30837 | Swamp:4  | Entered Level 4 of the Swamp
 30841 | Swamp:4  | Reached skill level 14 in Invocations
 30987 | Swamp:4  | Reached skill level 10 in Armour
 31057 | Swamp:4  | Noticed Louise
 31063 | Swamp:4  | Killed Louise
 31170 | Swamp:4  | Reached skill level 15 in Invocations
 31364 | Swamp:4  | Got a decaying rune of Zot
 31752 | Elf:1    | Entered Level 1 of the Elven Halls
 31758 | Elf:1    | Reached XP level 19. HP: 172/185 MP: 26/29
 31856 | Elf:1    | Paralysed by an air elemental for 1 turns
 32711 | Elf:2    | Found Xoixuwk's Antique Weapon Shop.
 32900 | Elf:2    | Reached skill level 16 in Invocations
 32913 | Elf:2    | Found a runed translucent gate.
 32913 | Elf:2    | Found a runed translucent gate.
 32913 | Elf:2    | Found a runed translucent gate.
 33121 | Elf:3    | Entered Level 3 of the Elven Halls
 33193 | Elf:3    | Found a transporter.
 33193 | Elf:3    | Noticed shadowrider38's ghost (adept BaSh)
 33336 | Elf:3    | Reached skill level 1 in Spellcasting
 33336 | Elf:3    | Reached skill level 1 in Hexes
 33559 | Elf:3    | Identified the ring of Amorality {rC+ Will+}
 33839 | Elf:3    | Paralysed by an air elemental for 1 turns
 33939 | Elf:3    | Identified the +0 leather armour of Uskayaw's Benevolence
                  | {rN+}
 33948 | Elf:3    | Identified the +10 rapier of Pungad {freeze, rN+ Int+3}
 34010 | Elf:3    | Identified the ring "Ile Oll" {rC+ MP+9 Str-4 Int+7}
 34019 | Elf:3    | Identified the +1 war axe "Ojius" {drain, rElec rPois rC-
                  | rN+}
 34028 | Elf:3    | Identified the staff of Siad {rF- Int+3 Dex+5 Earth}
 34121 | Elf:3    | Found a transporter.
 34255 | Elf:3    | Found a portal to a secret trove of treasure.
 34662 | Vaults:1 | Entered Level 1 of the Vaults
 34778 | Vaults:1 | Reached XP level 20. HP: 175/188 MP: 27/31
 34784 | Vaults:1 | Reached skill level 1 in Translocations
 35261 | Vaults:1 | Reached skill level 17 in Invocations
 35266 | Vaults:1 | Noticed Norris
 35344 | Vaults:1 | Paralysed by a formless jellyfish for 1 turns
 35346 | Vaults:1 | Killed Norris
 35590 | Vaults:1 | Identified the +6 scale mail "Tivvauxa" {Int+2}
 35618 | Vaults:1 | Found Yxzinlyrgh's Antique Armour Shop.
 36022 | Vaults:2 | Reached skill level 15 in Armour
 36062 | Vaults:2 | Found Pagitas's Weapon Boutique.
 36159 | Vaults:2 | Identified the +0 chain mail of Vetwuesa {Str+2 Slay+3}
 36478 | Vaults:2 | Found a staircase to the Crypt.
 36478 | Vaults:2 | Found a basalt altar of Yredelemnul.
 36478 | Vaults:2 | Found an ancient bone altar of Kikubaaqudgha.
 36791 | Vaults:2 | Reached skill level 5 in Spellcasting
 37478 | Vaults:3 | Found a magical portal.
 37487 | WizLab   | Entered The Chambers of the Cloud Mage
 37627 | WizLab   | Reached XP level 21. HP: 201/201 MP: 32/32
 37665 | WizLab   | Reached skill level 5 in Translocations
 37712 | WizLab   | Paralysed by an air elemental for 1 turns
 37715 | WizLab   | Paralysed by an air elemental for 1 turns
 37951 | WizLab   | Got the Vellum of the Zephyr
 38212 | Vaults:3 | Reached skill level 18 in Invocations
 38241 | Vaults:3 | Identified the +10 dagger of Evolution {freeze, rN+ SInv
                  | Stlth+}
 39596 | Vaults:4 | Reached skill level 5 in Hexes
 40394 | Depths:1 | Entered Level 1 of the Depths
 40540 | Depths:1 | Found a one-way gate to the infinite horrors of the Abyss.
 40613 | Depths:1 | Noticed Boris
 40629 | Depths:1 | Killed Boris
 40821 | Depths:1 | Found a radiant altar of Vehumet.
 40868 | Depths:1 | Found Pouf's One-of-a-Kind Books.
 40902 | Depths:1 | Found a one-way gate leading to the halls of Pandemonium.
 41109 | Depths:1 | Reached XP level 22. HP: 171/209 MP: 27/34
 41138 | Depths:1 | Found a gateway to Hell.
 41395 | Depths:2 | Found Otacoq's Assorted Antiques.
 41396 | Depths:2 | Identified the +0 sling of Ru's Scorn {drain, +Blink}
 41403 | Depths:2 | Bought a potion of haste for 450 gold pieces
 41403 | Depths:2 | Bought a scroll of teleportation for 135 gold pieces
 41403 | Depths:2 | Bought a scroll of immolation for 180 gold pieces
 42112 | Depths:2 | Noticed a golden dragon
 42117 | Depths:2 | Killed a golden dragon
 42205 | Depths:2 | Noticed a juggernaut
 42210 | Depths:2 | Killed a juggernaut
 42216 | Depths:2 | Reached skill level 19 in Invocations
 42472 | Depths:3 | Noticed Grunn
 42482 | Depths:3 | Killed Grunn
 42945 | Depths:3 | Noticed a golden dragon
 42952 | Depths:3 | Killed a golden dragon
 43030 | Depths:3 | Noticed a golden dragon
 43035 | Depths:3 | Killed a golden dragon
 43035 | Depths:3 | Noticed a caustic shrike
 43040 | Depths:3 | Killed a caustic shrike
 43201 | Depths:3 | Noticed a golden dragon
 43213 | Depths:3 | Killed a golden dragon
 43310 | Depths:3 | Noticed an ancient lich
 43317 | Depths:3 | Killed an ancient lich
 43376 | Depths:3 | Noticed a juggernaut
 43378 | Depths:3 | Noticed a golden dragon
 43386 | Depths:3 | Killed a golden dragon
 43404 | Depths:3 | Killed a juggernaut
 43918 | Depths:3 | Reached skill level 20 in Invocations
 44155 | Depths:4 | Entered Level 4 of the Depths
 44292 | Depths:4 | Reached XP level 23. HP: 209/215 MP: 29/36
 44325 | Depths:4 | Found a one-way gateway to a ziggurat.
 44776 | Depths:4 | Found a gate to the Realm of Zot.
 45782 | Slime:1  | Entered Level 1 of the Pits of Slime
 46041 | Slime:2  | Reached skill level 21 in Invocations
 46116 | Slime:2  | Learned a level 3 spell: Fugue of the Fallen
 47368 | Slime:5  | Entered Level 5 of the Pits of Slime
 47481 | Slime:5  | Found a viscous altar of Jiyva.
 47481 | Slime:5  | Noticed the Royal Jelly
 47653 | Slime:5  | Found the +2 cloak of the Thief {*Fog Slay-2 SInv Stlth+}
 47654 | Slime:5  | Found the ring of the Octopus King
 47938 | Slime:5  | Gained mutation: You have large cloven feet. [a shining
                  | eye]
 48146 | Slime:5  | Killed the Royal Jelly
 48289 | Slime:5  | Identified the +0 chain mail of the Last Leaping Eyes {Harm
                  | Dex+3}
 48300 | Slime:5  | Got a slimy rune of Zot
 48307 | Slime:5  | Got the Disquisition on the Twisted Barrage
 48372 | Slime:5  | Identified a ring of the Octopus King {rN+ HP+2 AC+2 EV+2
                  | SH+2}
 48376 | Slime:5  | Identified the +7 hand axe of Zin's Pride {heavy, Stlth+}
 48413 | Slime:5  | Identified the staff of a sewer {rElec rPois Will+ Str+3
                  | Air Earth}
 48414 | Slime:5  | Identified the staff "Gram" {rElec Dex+3 Air}
 48423 | Slime:5  | Identified the ring "Wolounun" {Wiz ^Contam rC++ rN+
                  | Slay+4}
 48896 | Slime:5  | Lost intelligence.
 49388 | Crypt:1  | Entered Level 1 of the Crypt
 49610 | Crypt:1  | Reached skill level 1 in Evocations
 49662 | Crypt:1  | Acquired the ring "Lussesch" {+Blink rF+ Will+ Str-3 Dex+2}
 50116 | Crypt:1  | Noticed Boris
 50122 | Crypt:1  | Killed Boris
 50593 | Crypt:2  | Reached XP level 24. HP: 212/226 MP: 34/36
 50800 | Crypt:2  | Identified the +1 ring mail of the First Snow {Stlth+}
 51051 | Crypt:3  | Entered Level 3 of the Crypt
 51339 | Crypt:3  | Got the Parchment of Diablerie
 51341 | Crypt:3  | Identified the +8 plate armour "Ettunic" {rF++ rCorr SInv
                  | Stlth-}
 51343 | Crypt:3  | Identified the +10 chain mail of Rotini {rElec Regen+
                  | Int-2}
 51682 | Crypt:3  | Noticed Zenata
 51688 | Crypt:3  | Killed Zenata
 51702 | Crypt:3  | Found a staircase to the Tomb.
 51727 | Crypt:3  | Got the Guide on the Retinue
 51732 | Crypt:3  | Identified the +7 glaive of Quiescent Defence {freeze,
                  | rPois Str+3}
 51875 | Crypt:3  | Acquired the +3 crown of Dyrovepreva {rElec Int+2 SInv}
 51875 | Crypt:3  | Found the +3 crown of Dyrovepreva {rElec Int+2 SInv}
 52090 | Crypt:3  | Noticed a dread lich
 52094 | Crypt:3  | Killed a dread lich
 52204 | Crypt:3  | Found an ancient bone altar of Kikubaaqudgha.
 52233 | Crypt:3  | Identified the amulet "Saoroor" {Regen+ Str+4 Int+8 Dex-5}
 52233 | Crypt:3  | Identified the ring of Gozag's Approval {Fly rN+ Int+2}
 52259 | Crypt:3  | Noticed an ancient lich
 52272 | Crypt:3  | Killed an ancient lich
 52796 | Zot:1    | Entered Level 1 of the Realm of Zot
 52909 | Zot:1    | Reached skill level 22 in Invocations
 53272 | Zot:3    | Reached skill level 5 in Evocations
 53551 | Zot:5    | Entered Level 5 of the Realm of Zot
 53752 | Zot:5    | Identified the +0 plate armour "Acenemn" {^Drain rPois
                  | Regen+ Dex-2}
 54178 | Zot:5    | Noticed an orb of fire
 54183 | Zot:5    | Killed an orb of fire
 54491 | Zot:5    | Noticed an ancient lich
 54494 | Zot:5    | Killed an ancient lich
 54644 | Zot:5    | Noticed a Killer Klown
 54651 | Zot:5    | Killed a Killer Klown
 54877 | Zot:5    | Noticed a Killer Klown
 54881 | Zot:5    | Killed a Killer Klown
 54881 | Zot:5    | Noticed a Killer Klown
 54890 | Zot:5    | Killed a Killer Klown
 55037 | Zot:5    | Reached XP level 25. HP: 238/238 MP: 37/37
 55062 | Zot:5    | Noticed a dread lich
 55067 | Zot:5    | Killed a dread lich
 55529 | Zot:5    | Noticed an ancient lich
 55534 | Zot:5    | Killed an ancient lich
 55569 | Zot:5    | Noticed a Killer Klown
 55577 | Zot:5    | Noticed a dread lich
 55584 | Zot:5    | Killed a dread lich
 55587 | Zot:5    | Noticed a dread lich
 55587 | Zot:5    | Noticed an orb of fire
 55591 | Zot:5    | Noticed an ancient lich
 55593 | Zot:5    | Reached skill level 23 in Invocations
 55596 | Zot:5    | Killed an orb of fire
 55597 | Zot:5    | Noticed a dread lich
 55604 | Zot:5    | Killed a dread lich
 55611 | Zot:5    | Killed an ancient lich
 55613 | Zot:5    | Killed a dread lich
 55621 | Zot:5    | Killed a Killer Klown
 55676 | Zot:5    | Got the Orb of Zot
 55800 | Zot:1    | Noticed Gaav the pandemonium lord
 55826 | Zot:1    | Killed Gaav the pandemonium lord
 55874 | Depths:4 | Noticed Boris
 56282 | D:$      | Escaped with the Orb!

Illustrated notes

Levels and vault maps discovered:
D:1:      roderic_crop_circles_arrival_small, layout_loops_ring,
          roderic_lattice_a
D:2:      layout_loops_cross, basic_altar, chequers_serial_rivers_large_b,
          minmay_goblin_outpost
D:3:      layout_loops_ring, shapermc_ecumenical_altar_totnotflames,
          gammafunk_ghost_mausoleum, gup_sewer_entry_bubbles
D:4:      layout_loops_ring, gammafunk_temple_overflow_elements,
          mainiacjoe_overflow_cross_hatched, minmay_temple_entry_hall,
          grunt_decor_mini_mirrors, minmay_fractal_squares_diagonal_5
D:5:      old_forge, layout_cave_pools, mainiacjoe_overflow_six_doors_small,
          hangedman_decor_points, grunt_ministairs_9,
          minmay_guarded_unrand_staff_of_olgreb
D:6:      gammafunk_steamed_eel, layout_basic
D:7:      layout_rooms, serial_shops, shop, minivault_11
D:8:      layout_loops_ring, pdpol_temple_overflow_zin_treasury_gozag_greed,
          yredelemnul_altar_generic, gammafunk_ghost_hydra_chop, serial_shops,
          nicolae_shop_temple_entry_statues_fountains, st_stairs_14
D:9:      lemuel_bear_cage, layout_cross, lemuel_doored_altar, bloody_makhleb,
          gammafunk_ghost_hive, uniq_gastronok
D:10:     layout_long_grid, erik_lair_dragon, serial_shops,
          nicolae_stop_n_shop_2, shop, shop, enter_bailey_5, grunt_ministairs_13
D:11:     layout_roguey, serial_shops, bzr_entry_islet,
          nicolae_shop_tiny_statue_garden, portal_ice_cave_entry_imps,
          uniq_harold
D:12:     layout_roguey, minmay_orc_entry_guard_dogs, minmay_misc_feat_ornament
D:13:     layout_basic, hangedman_vaults_entry_quadrant_bands
D:14:     layout_basic
D:15:     grunt_enter_depths_snipers, layout_irregular_city,
          minmay_misc_feat_rows
Temple:   nicolae_temple_bog_church
Lair:1:   layout_gridlike, grunt_megastairs_4
Lair:2:   layout_cave_pods, skrybe_swamp_entry_bodies,
          alex1729_snake_entry_snake, beast_lair_carwin_7,
          infiniplex_staircase_pool_2
Lair:3:   layout_regular_city, hellmonk_guarded_unrand_seven_league_boots,
          grunt_megastairs_5
Lair:4:   layout_regular_city, slime_entry_1
Lair:5:   cheibrodos_lair_end_hotspot, layout_cave_pods, wad_woods_road_03
Swamp:1:  layout_basic_swamp, serial_swamp_ruin, evilmike_swamp_ruin_house_4,
          evilmike_swamp_ruin_house_2, evilmike_swamp_ruin_house_6,
          nicolae_swamp_little_swirl, swamp_pool_5, nicolae_swamp_vermiculated,
          uniq_aizul
Swamp:2:  layout_falls_marsh, nicolae_swamp_tree_designs, swamp_pool_5,
          uniq_mlioglotl, uniq_nikola
Swamp:3:  layout_basic_swamp, nicolae_swamp_ascending_descending_big,
          swamp_pool_3
Swamp:4:  nzn_swamp_witches_coven, layout_basic_swamp, uniq_louise
Snake:1:  layout_onion_interference, serial_library,
          serial_library_hellmonk_secret_room,
          serial_library_regret_index_headful,
          serial_library_hellmonk_double_dead_end,
          serial_library_regret_index_turning, basic_altar, serial_shops,
          nicolae_shop_rolled_up
Snake:2:  gammafunk_its_a_trap, layout_layer_cave
Snake:3:  layout_onion
Snake:4:  grunt_snake_rune_serpentine_throne, layout_rooms, serial_shops, shop,
          nicolae_snake_single_loop
Slime:1:  layout_caves
Slime:2:  layout_caves
Slime:3:  layout_caves
Slime:4:  layout_caves
Slime:5:  slime_pit_nicolae_block_by_block
Orc:1:    layout_caves, hangedman_feature_mirror, nicolae_orc_stalacmites
Orc:2:    st_orc_mages, layout_diamond_mine, serial_shops,
          nicolae_shop_hallway_stairs
Elf:1:    minmay_elf_arrival_circle, layout_loops_cross, evilmike_minifort
Elf:2:    nicolae_elf_blades_splatter_lattice [nicolae_blade_bullseye],
          layout_rooms, serial_shops, shop
Elf:3:    minmay_elf_hall, layout_gridlike, nicolae_trove_entry_path_of_doom,
          gammafunk_ghost_arena, minmay_misc_feat_diagonals
Vaults:1: nicolae_vaults_double_plus_2, hangedman_vaults_corner_blocks,
          v_misc_30, v_pattern_3, v_misc_14, nicolae_vaults_stairing_the_circle,
          vaults_room_grunt_arrival_checkpoint, nicolae_vaults_tetromino_T_1,
          vaults_room_ringed_pool, nicolae_vaults_house_3,
          layout_vaults_omnicross, serial_shops, nicolae_shop_hallway_plus,
          uniq_norris
Vaults:2: v_misc_30, vaults_dpeg_doors, grunt_vaults_twisty,
          ontoclasm_vaults_spin, nicolae_vaults_sealed_display,
          nicolae_vaults_display_case, nicolae_vaults_ninety_degrees,
          grunt_vaults_hallway_short, nicolae_vaults_hallways_thing,
          minmay_crypt_entry_necro_gods, nicolae_vaults_tangram_1,
          nicolae_vaults_storage_closets_2, nicolae_vaults_octothorpe,
          ontoclasm_vaults_twist, layout_vaults_ring, serial_shops,
          nicolae_shop_back_alley_shop
Vaults:3: mu_enter_wizlab_4, nicolae_vaults_storage_room_water,
          nicolae_vaults_apartment_2, v_misc_15, v_misc_29,
          nicolae_vaults_wine_cellar, v_misc_18, layout_vaults_omnigrid
Vaults:4: ontoclasm_vaults_ring_square, ontoclasm_vaults_shuriken,
          nicolae_vaults_network_barrier, hangedman_vaults_corner,
          grunt_vaults_hallway_short, v_misc_10, ontoclasm_vaults_tryst,
          v_alt_pattern_6, vaults_standard_mumra_lines,
          nicolae_vaults_shelves_hall, dpeg_vaults_monster_box,
          layout_vaults_omnibox
Crypt:1:  layout_catacombs, grunt_ministairs_1
Crypt:2:  layout_gridlike, lemuel_elevator
Crypt:3:  quadcrypt_mu, uniq_zenata
Depths:1: layout_cave_pools, hellmouth_1,
          nicolae_abyss_entry_one_way_or_another, rand_demon_pan_entry_1,
          nicolae_rare_books, dreamdust_wishing_well,
          serial_sigils_hangedman_snap, grunt_ministairs_7, st_stairs_3,
          minmay_stone_trees_small, chequers_serial_rivers_micro_d,
          vehumet_crystals, uniq_boris
Depths:2: minmay_two_paths, layout_cave_shapes, hell_entry,
          serial_co_window_serial, co_window_of_opportunity_a,
          co_window_of_opportunity_a, co_window_corner_a, co_window_paths_a,
          co_window_cross_1, co_window_paths_b, co_window_unsneaky_path_d,
          co_window_unsneaky_path_e, co_window_unsneaky_path_c,
          co_window_broadway_a, co_window_2corner, glass_columns_a,
          reono_crystal_passage, rand_demon_pan_entry_4, nicolae_stop_n_shop_2
Depths:3: minmay_three_patterns, layout_gridlike, abyss_entry, abandoned_shop,
          grunt_hell_horde, serial_sigils, serial_sigils_hangedman_snap,
          serial_sigils_hangedman_quiver, serial_sigils_hangedman_scratch,
          serial_sigils_hangedman_clutch, uniq_grunn
Depths:4: grunt_zot_entry_alcove, layout_gridville, enter_ziggurat_d,
          glass_columns_b, grunt_hell_entry_dis_mu, serial_co_window_serial,
          co_window_paths_a, co_window_paths_a, co_window_corner_a,
          co_window_paths_b, co_window_cross_1, co_window_broadway_b,
          co_window_broadway_a, co_window_corner_b, co_window_2corner,
          glass_columns_c, glass_columns_a
Zot:1:    layout_onion_interference, regret_index_zotdec_stipple_waver
Zot:2:    layout_gridlike, st_stairs_9, grunt_megastairs_1
Zot:3:    layout_basic, regret_index_zotdec_barnacled_simple,
          lemuel_baited_zot_trap, regret_index_zotdec_twisting_globes
Zot:4:    layout_basic
Zot:5:    layout_basic

Skill      XL: |  1  2  3  4  5  6  7  8  9 10 11 12 13 14 15 16 17 18 19 20 21 22 23 24 25 |
---------------+----------------------------------------------------------------------------+-----
Fighting       | 3 4 5 6 8 9 10 11 12 13 15 17 20 22 | 22.0
Dodging        | 3 4 5 6 7 8 9 10 11 12 13 16 18 20 21 22 | 22.0
Ranged Weapons | 5 6 7 9 11 12 15 17 18 20 | 20.0
Invocations    | 2 4 5 7 9 12 15 16 17 18 20 21 22 23 | 23.9
Armour         | 3 11 14 15 17 19 20 22 | 22.0
Spellcasting   | 3 5 6 7 |  7.0
Hexes          | 3 4 5 6 |  6.0
Translocations | 4 7 8 |  8.0
Evocations     | 2 6 8 |  8.0
Stealth        | |  0.7

Action                     |  1- 3 |  4- 6 |  7- 9 | 10-12 | 13-15 | 16-18 | 19-21 | 22-24 | 25-27 || total
---------------------------+-------+-------+-------+-------+-------+-------+-------+-------+-------++-------
  Melee: Shortbow          |       |     8 |     1 |       |       |       |       |       |       ||     9
         Longbow           |       |       |       |       |       |       |       |     5 |       ||     5
         Headbutt          |       |       |       |       |       |       |       |     1 |       ||     1
   Fire: Shortbow          |   144 |   218 |   137 |       |       |       |       |       |       ||   499
         Orcbow            |       |       |   247 |   307 |   623 |       |       |       |       ||  1177
         Longbow           |       |       |       |   187 |   547 |  1056 |  1263 |  1352 |   133 ||  4538
  Throw: Throwing net      |       |       |       |       |       |     2 |     1 |       |       ||     3
         Dart              |       |       |       |       |       |     1 |       |       |       ||     1
   Cast: Dimensional Bulls |       |       |       |       |       |       |       |    12 |     8 ||    20
 Invoke: Recall Ancestor   |       |       |     5 |     7 |     2 |     7 |     7 |     4 |     5 ||    37
         Ancestor Identity |       |       |     1 |       |       |       |       |       |       ||     1
         Ancestor Life: Kn |       |       |     1 |       |       |       |       |       |       ||     1
         Idealise          |       |       |       |       |     1 |     2 |     6 |     7 |    18 ||    34
         Transference      |       |       |       |       |       |       |       |     1 |       ||     1
  Evoke: Phantom mirror    |       |       |       |       |       |       |     1 |     1 |       ||     2
         Wand              |       |       |       |       |       |       |     1 |     6 |     1 ||     8
    Use: Scroll            |     6 |     4 |     7 |     6 |    16 |    10 |     7 |    21 |     2 ||    79
         Potion            |       |     3 |     4 |     7 |       |     3 |     4 |     5 |     5 ||    31
   Stab: Invisible         |       |       |     1 |       |       |       |       |       |       ||     1
 Armour: Leather armour    |    33 |    85 |   107 |    74 |   117 |    47 |       |       |       ||   463
         Skin              |       |     5 |     7 |       |       |       |       |       |       ||    12
         Troll leather arm |       |       |       |       |       |   161 |   253 |   280 |    25 ||   719
         Gold dragon scale |       |       |       |       |       |       |       |    18 |       ||    18
  Dodge: Dodged            |    49 |    80 |   126 |   130 |   249 |   421 |   525 |   584 |    57 ||  2221
